 Dungeon Crawl Stone Soup version 0.30-a0-389-g8d7d949f56 (webtiles) character file.

Game seed: 5406341770106460771

192 arthad the Covert (level 5, -6/47 HPs)
             Began as a Gnoll Delver on Dec 3, 2022.
             Killed by divine providence
             ... invoked by an orc priest
              (10 damage)
             ... on level 4 of the Dungeon.
             The game lasted 00:06:51 (2506 turns).

arthad the Covert (Gnoll Delver)                    Turns: 2506, Time: 00:06:51

Health: -6/47      AC:  5    Str: 10 (11) XL:     5   Next: 71%
Magic:  1/7        EV: 12    Int: 15 (18) God:
Gold:   118        SH:  0    Dex: 11 (13) Spells: 1/7 levels left

rFire   . . .      SeeInvis .    a - +0 hand axe
rCold   . . .      Faith    .    (no shield)
rNeg    . . .      Spirit   .    b - +0 leather armour
rPois   .          Reflect  .    h - +0 helmet
rElec   .          Harm     .    (no cloak)
rCorr   .          Rampage  .    r - +0 pair of gloves
Will    .....                    (no boots)
Stlth   ++++......               (no amulet)
HPRegen 0.27/turn                q - +6 ring of intelligence
MPRegen 0.10/turn                (no ring)

@: brilliant, very slightly contaminated, hasted, very quick
A: fangs 1, strong nose, distributed training
a: no special abilities


You were on level 4 of the Dungeon.
You visited 1 branch of the dungeon, and saw 5 of its levels.

You collected 118 gold pieces.

Inventory:

Hand Weapons
 a - a +0 hand axe (weapon)
 l - a +1 dagger of protection
 p - a +2 short sword of flaming
Armour
 b - a +0 leather armour (worn)
 h - a +0 helmet (worn)
 r - a +0 pair of gloves (worn)
Jewellery
 q - a +6 ring of intelligence (left hand)
Wands
 g - a wand of digging (2)
 s - a wand of iceblast (5)
Scrolls
 c - a scroll of fog
 d - a scroll of magic mapping
 e - a scroll of fear
 i - 4 scrolls of identify {unknown}
 k - 2 scrolls of butterflies {unknown}
 m - a scroll of enchant weapon {unknown}
 t - a scroll of immolation {unknown}
Potions
 f - 2 potions of curing
 j - 3 potions of brilliance
 n - 3 potions of haste


   Skills:
 + Level 6.7 Fighting
 + Level 1.6 Short Blades
 + Level 1.6 Long Blades
 + Level 4.8 Axes
 + Level 1.6 Maces & Flails
 + Level 1.6 Polearms
 + Level 1.6 Staves
 + Level 1.6 Ranged Weapons
 + Level 1.6 Throwing
 + Level 1.6 Armour
 + Level 4.8 Dodging
 + Level 9.7 Stealth
 + Level 1.6 Shields
 + Level 1.6 Unarmed Combat
 + Level 1.6 Spellcasting
 + Level 1.3 Conjurations
 + Level 1.3 Hexes
 + Level 1.3 Summonings
 + Level 1.3 Necromancy
 + Level 1.3 Translocations
 + Level 1.3 Transmutations
 + Level 1.3 Fire Magic
 + Level 1.3 Ice Magic
 + Level 1.3 Air Magic
 + Level 1.3 Earth Magic
 + Level 1.3 Poison Magic
 + Level 1.9 Invocations
 + Level 1.6 Evocations


You had one spell level left.
You knew the following spells:

 Your Spells              Type           Power      Damage    Failure   Level
a - Sandblast             Erth           14%        2d6       17%         1
b - Passwall              Tmut/Erth      5%         N/A       26%         2
c - Stone Arrow           Conj/Erth      14%        3d7       45%         3

Your spell library contained the following spells:

 Spells                   Type           Power      Damage    Failure   Level
 Kiss of Death            Conj/Necr      28%        2d7       17%         1
 Confusing Touch          Hex            7%         N/A       45%         3
 Dispel Undead            Necr           7%         3d8       86%         4


Dungeon Overview and Level Annotations

Branches:
Dungeon (5/15)
 Temple: D:4-7

Altars:

Shops:
D:1 (

Annotations:
D:4 Eustachio


Innate Abilities, Weirdness & Mutations

You have very sharp teeth.
Your uncanny sense of smell can sniff out nearby items.
Your experience applies equally to all skills.


Message History

The white imp closely misses you. The crimson imp hits you.
* * * LOW HITPOINT WARNING * * *
The orc priest hits you but does no damage.
Eustachio gestures wildly while chanting.
Eustachio blinks!
Unknown command.
The rat bites you.
* * * LOW HITPOINT WARNING * * *
The white imp hits you but does no damage.
The rat closely misses you. The rat barely misses you.
There is a stone staircase leading up here.
Casting: Sandblast (safe; 17% risk of failure)
Confirm with . or Enter, or press ? or * to list all spells.
The spell is quite dangerous to miscast (45% risk of failure)!
Continue anyway?
Aiming: Stone Arrow (quite dangerous; 45% risk of failure)
Press: ? - help, Shift-Dir - straight line, f/p - Eustachio
Aim: Eustachio, wielding a +4 rapier of freezing and wearing a +0 leather armour (moderately wounded, 51% to hit)
You feel a surge of power!
You miscast Stone Arrow.
You are very lightly contaminated with residual magic.
Nothing appears to happen.
The jackal barks!
The rat twitches its whiskers.
Unknown command.
Unknown command.
Casting: Stone Arrow (quite dangerous; 45% risk of failure)
Confirm with . or Enter, or press ? or * to list all spells.
Aiming: Sandblast (safe; 17% risk of failure)
Press: ? - help, Shift-Dir - straight line, f/p - Eustachio
Aim: Eustachio, wielding a +4 rapier of freezing and wearing a +0 leather armour (moderately wounded, 73% to hit)
You feel a surge of power!
The blast of sand hits the rat!
You kill the rat!
The rat's corpse disappears in a puff of smoke!
The crimson imp blinks!
The white imp hits you.
* * * LOW HITPOINT WARNING * * *
The white imp freezes you.
* * * LOW HITPOINT WARNING * * *
The orc priest calls down the wrath of Beogh upon you.
Beogh smites you!
You die...

#......#
#......##.
####........
##......(...
#..8.....h#
##..@.r...#
##.8...8..#
#....h.Ko#
#....@5r.##
#.....5r..#
#..8...8.##
#.#5....##
#....8.##
#####.## ###


You could see Eustachio, an orc priest, 2 crimson imps, a river rat (summoned),
a white imp (summoned), a quokka (summoned), 2 jackals, a kobold and a rat
(summoned).

Vanquished Creatures
  2 hounds (D:3)
  4 adders
  4 gnolls
  An ufetubus (D:3)
  2 dart slugs (D:1)
  An orc (D:3)
  4 ball pythons
  3 bats
  6 endoplasms
  3 giant cockroaches
  5 goblins
  4 hobgoblins
  A quokka (D:3)
  3 frilled lizards
  5 kobolds
  A rat (D:2)
49 creatures vanquished.

Notes
Turn   | Place    | Note
-------+----------+-------------------------------------------
     0 | D:5      | Reached skill level 9 in Stealth
     0 | D:5      | arthad the Gnoll Delver began the quest for the Orb.
     0 | D:5      | Reached XP level 1. HP: 23/23 MP: 1/1
    25 | D:4      | Noticed an orc priest
    39 | D:5      | Noticed an iguana
   169 | D:3      | Reached XP level 2. HP: 24/29 MP: 2/2
   341 | D:1      | Found Coage's Weapon Shoppe.
   348 | D:1      | Reached XP level 3. HP: 33/35 MP: 3/3
   675 | D:1      | Reached skill level 1 in Invocations
   838 | D:1      | Reached skill level 1 in Short Blades
   838 | D:1      | Reached skill level 1 in Long Blades
   838 | D:1      | Reached skill level 1 in Maces & Flails
   838 | D:1      | Reached skill level 1 in Polearms
   838 | D:1      | Reached skill level 1 in Staves
   838 | D:1      | Reached skill level 1 in Ranged Weapons
   838 | D:1      | Reached skill level 1 in Throwing
   838 | D:1      | Reached skill level 1 in Armour
   838 | D:1      | Reached skill level 1 in Shields
   838 | D:1      | Reached skill level 1 in Unarmed Combat
   838 | D:1      | Reached skill level 1 in Spellcasting
   838 | D:1      | Reached skill level 1 in Evocations
  1245 | D:2      | Reached XP level 4. HP: 39/41 MP: 5/5
  1551 | D:2      | Reached skill level 1 in Conjurations
  1551 | D:2      | Reached skill level 1 in Hexes
  1551 | D:2      | Reached skill level 1 in Summonings
  1551 | D:2      | Reached skill level 1 in Necromancy
  1551 | D:2      | Reached skill level 1 in Translocations
  1551 | D:2      | Reached skill level 1 in Transmutations
  1551 | D:2      | Reached skill level 1 in Fire Magic
  1551 | D:2      | Reached skill level 1 in Ice Magic
  1551 | D:2      | Reached skill level 1 in Air Magic
  1551 | D:2      | Reached skill level 1 in Earth Magic
  1551 | D:2      | Reached skill level 1 in Poison Magic
  2109 | D:3      | Reached XP level 5. HP: 23/47 MP: 5/7
  2274 | D:3      | Learned a level 1 spell: Sandblast
  2277 | D:3      | Learned a level 2 spell: Passwall
  2281 | D:3      | Learned a level 3 spell: Stone Arrow
  2486 | D:4      | Noticed Eustachio
  2506 | D:4      | Killed from afar by an orc priest

Illustrated notes

Levels and vault maps discovered:
D:1:      minmay_arrival_glassed_features, layout_loops_ring, serial_shops,
          nicolae_shop_bloodbath_and_beyond
D:2:      layout_loops_ring
D:3:      layout_loops_ring
D:4:      layout_cave_pools, minmay_temple_entry_drinking_statues,
          grunt_ministairs_2, uniq_eustachio
D:5:      layout_basic

Skill      XL: |  1  2  3  4 |
---------------+-------------+-----
Stealth        | |  9.7
Invocations    | 1 |  1.9
Short Blades   | 1 |  1.6
Long Blades    | 1 |  1.6
Maces & Flails | 1 |  1.6
Polearms       | 1 |  1.6
Staves         | 1 |  1.6
Ranged Weapons | 1 |  1.6
Throwing       | 1 |  1.6
Armour         | 1 |  1.6
Shields        | 1 |  1.6
Unarmed Combat | 1 |  1.6
Spellcasting   | 1 |  1.6
Evocations     | 1 |  1.6
Conjurations   | 1 |  1.3
Hexes          | 1 |  1.3
Summonings     | 1 |  1.3
Necromancy     | 1 |  1.3
Translocations | 1 |  1.3
Transmutations | 1 |  1.3
Fire Magic     | 1 |  1.3
Ice Magic      | 1 |  1.3
Air Magic      | 1 |  1.3
Earth Magic    | 1 |  1.3
Poison Magic   | 1 |  1.3
Fighting       | |  6.7
Axes           | |  4.8
Dodging        | |  4.8

Action                   |  1- 3 |  4- 6 || total
-------------------------+-------+-------++-------
Melee: Hand axe          |    71 |    80 ||   151
       Bite              |     4 |     6 ||    10
 Cast: Sandblast         |       |    13 ||    13
Evoke: Wand              |     1 |     3 ||     4
  Use: Potion            |     1 |     4 ||     5
 Stab: Sleeping          |    11 |     4 ||    15
Armor: Leather armour    |    15 |    32 ||    47
Dodge: Dodged            |    57 |    90 ||   147

Table legend: (Time is in decaauts)
 A = Elapsed time spent in this place.
 B = Non-inter-level travel time spent in this place.
 C = Inter-level travel time spent in this place.
 D = Time resting spent in this place.
 E = Time spent auto-exploring this place.
 F = Levels seen in this place.
 G = Mean time per level.
                   A        B        C        D        E       F      G
               +--------+--------+--------+--------+--------+-----+--------+
         Total |   2500 |   2406 |     94 |    142 |   1631 |   5 |  500.0 |
       Dungeon |   2500 |   2406 |     94 |    142 |   1631 |   5 |  500.0 |
               +--------+--------+--------+--------+--------+-----+--------+

Top non-repeatable levels by time:
     D:1: 846 daAuts
     D:3: 843 daAuts
     D:2: 714 daAuts
     D:5: 54 daAuts
     D:4: 42 daAuts
